 Dungeon Crawl Stone Soup version 0.20.0-8-g6b59dc7 (webtiles) character file.

7234 Inarius the Tainter (level 10, -10/66 HPs)
             Began as a Yellow Draconian Venom Mage on May 30, 2017.
             Was a Believer of Hepliaklqana.
             Mangled by a gargoyle
             ... wielding a +0 mace
              (25 damage)
             ... on level 9 of the Dungeon.
             The game lasted 00:38:46 (10600 turns).

Inarius the Tainter (Yellow Draconian Venom Mage)  Turns: 10600, Time: 00:38:47

Health: -10/66     AC: 10    Str: 10    XL:     10   Next: 88%
Magic:  25/30      EV: 15    Int: 19    God:    Hepliaklqana [**....]
Gold:   204        SH:  5    Dex: 12    Spells: 10/23 levels left

rFire    . . .     SeeInvis +   h - +7 quarterstaff (chaos)
rCold    . . .     Gourm    .   (shield currently unavailable)
rNeg     + . .     Faith    .   (armour unavailable)
rPois    .         Spirit   .   C - +1 hat {SInv}
rElec    .         Reflect  +   m - +0 cloak
rCorr    +         Harm     .   (no gloves)
MR       .....                  K - +0 pair of boots
Stlth    ++........             A - +5 amulet of reflection
Regen    0.3/turn               L - ring of positive energy
MPRegen  0.3/turn               w - ring of magical power

@: no status effects
A: spit acid, acid resistance, unfitting armour, reduced essence, cold-blooded,
AC +7
a: Breathe Acid, Recall Ancestor, Ancestor Identity, Renounce Religion


You were on level 9 of the Dungeon.
You worshipped Hepliaklqana.
Hepliaklqana was pleased with you.
You were not hungry.

You visited 2 branches of the dungeon, and saw 10 of its levels.
You also visited: Sewer.

You collected 594 gold pieces.
You spent 390 gold pieces at shops.

Inventory:

Hand Weapons
 h - a +7 quarterstaff of chaos (weapon)
 x - a +1 short sword of electrocution
 F - a +2 dagger of chaos
Armour
 m - a +0 cloak (worn)
 C - a +1 hat of see invisible (worn)
 K - a +0 pair of boots (worn)
Jewellery
 s - an uncursed ring of ice
 w - a ring of magical power (right hand)
 A - a +5 amulet of reflection (around neck)
 E - an uncursed ring of see invisible
 L - a ring of positive energy (left hand)
Wands
 i - a wand of digging (14/24)
 p - a wand of confusion (32/48)
 G - a wand of iceblast (9/15)
Scrolls
 f - 2 scrolls of immolation {unknown}
 o - a scroll of fog
 q - 3 scrolls of recharging {unknown}
 t - a scroll of blinking {unknown}
 u - 3 scrolls of magic mapping
 v - a scroll of torment {unknown}
 y - 7 scrolls of remove curse
 z - 2 scrolls of holy word {unknown}
 I - a scroll of amnesia {unknown}
Potions
 c - 2 potions of agility
 d - 6 potions of curing
 e - 4 potions of haste {unknown}
 l - a potion of heal wounds
 n - 2 potions of lignification
 r - 2 potions of brilliance
 B - a potion of invisibility
 D - a potion of flight {unknown}
Books
 a - a Young Poisoner's Handbook

   Spells                             Type                      Level
   a - Sting                          Conjuration/Poison           1
   b - Poisonous Vapours              Poison/Air                   2
   c - Mephitic Cloud                 Conjuration/Poison/Air       3
   d - Olgreb's Toxic Radiance        Poison                       4
   e - Venom Bolt                     Conjuration/Poison           5
 J - a book of Conjurations

   Spells                             Type                      Level
   a - Magic Dart                     Conjuration                  1
   b - Searing Ray                    Conjuration                  2
   c - Dazzling Spray                 Conjuration/Hexes            3
   d - Fulminant Prism                Conjuration/Hexes            4
   e - Force Lance                    Conjuration/Translocation    4
   f - Iskenderun's Mystic Blast      Conjuration                  4
Miscellaneous
 H - a phantom mirror
Comestibles
 b - 11 bread rations
 g - 6 fruits
 j - 7 meat rations
 k - 9 royal jellies


   Skills:
 + Level 2.6 Fighting
 * Level 6.0 Dodging
 - Level 2.0 Stealth
 + Level 7.4 Spellcasting
 * Level 5.9 Conjurations
 + Level 4.9 Air Magic
 * Level 10.3 Poison Magic
 * Level 3.2 Invocations
 * Level 2.0 Evocations


You had 10 spell levels left.
You knew the following spells:

 Your Spells              Type           Power        Failure   Level  Hunger
a - Sting                 Conj/Pois      ####         1%          1    None
b - Poisonous Vapours     Pois/Air       #####.       1%          2    None
c - Olgreb's Toxic Radia  Pois           #####...     1%          4    ###....
d - Iskenderun's Mystic   Conj           ####....     9%          4    ###....
e - Searing Ray           Conj           ####..       1%          2    None


Dungeon Overview and Level Annotations

Branches:
Dungeon (9/15)             Temple (1/1) D:4
   Lair: D:8-11         Orc: D:9-12

Altars:
Ashenzari
Cheibriados
Dithmenos
Elyvilon
Fedhas
Gozag
Hepliaklqana
Kikubaaqudgha
Makhleb
Nemelex Xobeh
Okawaru
Qazlal
Ru
Sif Muna
Trog
Uskayaw
Vehumet
Xom
Yredelemnul
Zin
The Shining One

Shops:
D:9 :


Innate Abilities, Weirdness & Mutations

You can spit globs of acid.
You are resistant to acid.
Your golden yellow scales are hard. (AC +7)
You cannot fit into any form of body armour.
You are cold-blooded and may be slowed by cold attacks.
Your life essence is reduced. (-10% HP)


Message History

Onaxys hits the gargoyle but does no damage.
Onaxys hits the gargoyle but does no damage.
You hit the gargoyle. You tail-slap the gargoyle.
The gargoyle is heavily damaged.
You block the gargoyle's attack. The gargoyle hits you with a mace.
Onaxys hits the gargoyle but does no damage.
The gargoyle hits you with a mace!
* * * LOW HITPOINT WARNING * * *
The gargoyle hits you with a mace!
* * * LOW HITPOINT WARNING * * *
You feel much better.
Onaxys hits the gargoyle but does no damage.
As you read the scroll of fog, it crumbles to dust.
The scroll dissolves into smoke.
The gargoyle hurls a stone arrow at you.
The stone arrow hits you!
* * * LOW HITPOINT WARNING * * *
The gargoyle completely misses you.
Onaxys hits the gargoyle with a flail.
The gargoyle hits you with a mace!!
You die...

##### ######### #...# #........
#...# #...##### #...# #...# #...#
#...#
#...#####################...#
#.............§§............#####
...).).......§§9@§...............
..)..).......§§9§§.....##########
#######......§R§§§.....#
#.......§<.......#
#######.........>......##########
...............).................
.................................
..###############..##############
..# #..#


You could see the friendly Onaxys the knight and 2 gargoyles.

Vanquished Creatures
  Pikel (D:7)
  Psyche (D:8)
  A meliai (D:7)
  Prince Ribbit (D:7)
  A troll (D:9)
  2 hippogriffs
  2 yaks (D:7)
  A hog (D:7)
  A human (D:7)
  Duvessa (D:7)
  An orc warrior (D:8)
  3 ice beasts
  A sky beast (D:5)
  2 phantoms
  3 ogres
  A crocodile (Sewer)
  A bullfrog (D:8)
  A scorpion (D:7)
  Dowan (D:7)
  5 killer bees (D:9)
  3 howler monkeys (D:7)
  2 crimson imps (D:7)
  A quasit (D:9)
  3 hounds
  2 jellies
  A bullfrog zombie (D:7)
  A gnoll shaman (D:8)
  2 orc priests
  2 bullfrog skeletons (D:5)
  4 orc wizards
  Crazy Yiuf (D:2)
  A centaur skeleton (D:9)
  2 iguanas
  6 worker ants
  A hound skeleton (D:8)
  A howler monkey zombie (D:7)
  3 worker ant zombies
  4 gnolls (D:8)
  5 adders
  2 oozes
  An adder skeleton (D:7)
  An adder zombie (D:5)
  5 worms
  A dart slug (D:3)
  4 leopard geckos (D:4)
  23 orcs
  2 ball pythons
  7 giant cockroaches
  7 goblins
  12 hobgoblins
  3 jackals (D:5)
  8 kobolds
  2 quokkas
  A ball python skeleton (D:6)
  16 bats
  8 frilled lizards
  A jackal zombie (D:8)
  11 rats
191 creatures vanquished.

Vanquished Creatures (collateral kills)
  Gastronok (D:8)
  A shadow (D:8)
  A vampire (D:9)
  A water moccasin (D:9)
  An ice beast (D:6)
  An ogre (D:8)
  A centaur (D:5)
  3 hounds
  An adder (D:9)
  A shadow imp (D:5)
  An adder zombie (D:5)
  An orc (D:6)
  A quokka (D:7)
15 creatures vanquished.

Vanquished Creatures (others)
  An ancestor (D:7)
1 creature vanquished.

Grand Total: 207 creatures vanquished

Notes
Turn   | Place    | Note
-------+----------+-------------------------------------------
     0 | D:1      | Inarius the Draconian Venom Mage began the quest for the Orb.
     0 | D:1      | Reached XP level 1. HP: 14/14 MP: 3/3
   249 | D:1      | Reached XP level 2. HP: 20/20 MP: 1/5
   257 | D:1      | Learned a level 2 spell: Poisonous Vapours
   357 | D:1      | HP: 1/20 [hobgoblin/club (3)]
   750 | D:1      | Reached XP level 3. HP: 21/26 MP: 1/6
  1327 | D:2      | Found a shattered altar of Ashenzari.
  1717 | D:2      | Reached XP level 4. HP: 33/33 MP: 2/7
  1738 | D:2      | Found a hide-covered altar of Uskayaw.
  1984 | D:2      | Learned a level 4 spell: Olgreb's Toxic Radiance
  2159 | D:2      | Found a shadowy altar of Dithmenos.
  2300 | D:2      | Found a runed door.
  2304 | D:2      | Noticed Crazy Yiuf
  2307 | D:2      | Killed Crazy Yiuf
  2796 | D:3      | Reached skill level 1 in Air Magic
  2909 | D:3      | Found a glowing golden altar of the Shining One.
  3276 | D:3      | Found a shimmering altar of Xom.
  3598 | D:3      | Reached XP level 5. HP: 39/39 MP: 6/9
  3693 | D:3      | Noticed an ogre
  3699 | D:3      | Killed an ogre
  3699 | D:3      | Reached skill level 4 in Poison Magic
  3782 | D:4      | Reached XP level 6. HP: 37/46 MP: 1/10
  4038 | D:4      | Reached skill level 5 in Poison Magic
  4050 | D:4      | Found a glowing drain.
  4054 | Sewer    | Entered a sewer
  4422 | D:4      | Found a staircase to the Ecumenical Temple.
  4431 | Temple   | Entered the Ecumenical Temple
  4588 | Temple   | Became a worshipper of Hepliaklqana the Forgotten
  4793 | D:4      | Your scales start taking on a golden yellow colour.
  4793 | D:4      | Reached XP level 7. HP: 45/45 MP: 1/12
  4934 | D:5      | Entered Level 5 of the Dungeon
  5539 | D:5      | Found a sparkling altar of Nemelex Xobeh.
  5712 | D:5      | Reached skill level 6 in Poison Magic
  5751 | D:5      | Reached XP level 8. HP: 37/52 MP: 3/14
  5960 | D:5      | Reached skill level 1 in Fighting
  6410 | D:6      | Found an opulent altar of Gozag.
  6591 | D:6      | Reached * piety under Hepliaklqana
  6744 | D:6      | Reached skill level 5 in Spellcasting
  6873 | D:7      | Reached skill level 7 in Poison Magic
  6977 | D:7      | Reached XP level 9. HP: 9/60 MP: 11/17
  7288 | D:7      | Noticed a meliai
  7288 | D:7      | a hog changed into a meliai
  7289 | D:7      | Killed a meliai
  7289 | D:7      | Reached skill level 8 in Poison Magic
  7405 | D:7      | Noticed Dowan
  7408 | D:7      | Killed Dowan
  7497 | D:7      | Noticed Duvessa
  7505 | D:7      | Killed Duvessa
  7661 | D:7      | Noticed Pikel
  7671 | D:7      | Killed Pikel
  7671 | D:7      | Reached skill level 5 in Dodging
  7671 | D:7      | Reached skill level 5 in Conjurations
  7770 | D:7      | Noticed Prince Ribbit
  7787 | D:7      | Killed Prince Ribbit
  8535 | D:8      | Reached skill level 9 in Poison Magic
  8566 | D:8      | Reached XP level 10. HP: 66/66 MP: 17/20
  8637 | D:8      | Noticed Gastronok
  8656 | D:8      | Killed Gastronok
  8656 | D:8      | Reached skill level 1 in Invocations
  8656 | D:8      | Reached skill level 1 in Evocations
  8933 | D:8      | Noticed Psyche
  8938 | D:8      | Killed Psyche
  9297 | D:8      | Found a deep blue altar of Sif Muna.
  9813 | D:9      | Reached ** piety under Hepliaklqana
  9814 | D:9      | Remembered your ancestor Onaxys as a knight
  9869 | D:9      | Reached skill level 10 in Poison Magic
 10167 | D:9      | Found Tanafof's Book Emporium.
 10182 | D:9      | Bought a book of Conjurations for 390 gold pieces
 10187 | D:9      | Learned a level 4 spell: Iskenderun's Mystic Blast
 10190 | D:9      | Learned a level 2 spell: Searing Ray
 10492 | D:9      | Noticed a six-headed hydra
 10492 | D:9      | Noticed a gargoyle
 10600 | D:9      | Mangled by a gargoyle

Skill      XL: |  1  2  3  4  5  6  7  8  9 10 |
---------------+-------------------------------+-----
Stealth        | 2 |  2.0
Dodging        | 2 3 4 5 6 |  6.0
Air Magic      | 1 2 3 4 |  4.9
Conjurations   | 2 3 4 5 |  5.9
Poison Magic   | 4 5 6 7 9 10 | 10.3
Spellcasting   | 3 4 5 6 7 |  7.4
Fighting       | 2 |  2.6
Invocations    | 3 |  3.2
Evocations     | 2 |  2.0

Action                   |  1- 3 |  4- 6 |  7- 9 | 10-12 || total
-------------------------+-------+-------+-------+-------++-------
Melee: Unarmed           |    12 |       |       |       ||    12
       Tailslap          |     5 |     4 |    13 |     5 ||    27
       Dagger            |    28 |       |       |    27 ||    55
       Whip              |    24 |    21 |       |       ||    45
       Quarterstaff      |       |    45 |   103 |    33 ||   181
 Cast: Sting             |    62 |    27 |     5 |    10 ||   104
       Poisonous Vapours |    11 |    38 |    59 |    37 ||   145
       Olgreb's Toxic Ra |       |     8 |    18 |     8 ||    34
       Searing Ray       |       |       |       |     3 ||     3
       Iskenderun's Myst |       |       |       |     1 ||     1
Invok: Ancestor Identity |       |       |     1 |       ||     1
       Recall Ancestor   |       |       |       |     1 ||     1
       Ancestor Life: Kn |       |       |       |     1 ||     1
 Abil: Breathe Acid      |       |       |     1 |     1 ||     2
Evoke: Wand              |       |       |       |     2 ||     2
  Use: Scroll            |     2 |     6 |     6 |     3 ||    17
       Potion            |       |       |       |     1 ||     1
 Stab: Sleeping          |       |     3 |     2 |       ||     5
       Distracted        |       |       |     3 |       ||     3
  Eat: Chunk             |     4 |    14 |    15 |     8 ||    41
Armor: Skin              |    28 |    30 |    41 |    12 ||   111
Dodge: Dodged            |    49 |    53 |    78 |    39 ||   219
Block: Other             |       |       |     1 |    13 ||    14
